 Dungeon Crawl Stone Soup version 0.17.0-1-g61d176b (webtiles) character file.

58 st0uf the Firebug (level 3, 0/26 HPs)
             Began as a Draconian Fire Elementalist on Nov 7, 2015.
             Slain by an adder (1 damage)
             ... on level 2 of the Dungeon.
             The game lasted 00:08:31 (1700 turns).

st0uf the Firebug (Draconian Fire Elementalist)     Turns: 1700, Time: 00:08:31

Health: 0/26       AC:  5    Str: 10    XL:     3   Next: 75%
Magic:  0/7        EV: 12    Int: 16    God:
Gold:   67         SH:  0    Dex: 11    Spells: 2 memorised, 3 levels left

rFire  . . .     SeeInvis .     (no weapon)
rCold  . . .     Clarity  .     (armour unavailable)
rNeg   . . .     SustAt   .     (no shield)
rPois  .         Gourm    .     (helmet restricted)
rElec  .         Spirit   .     (no cloak)
rCorr  .         Warding  .     (no gloves)
rMut   .         Stasis   .     (no boots)
MR     .....                    (no amulet)
Stlth  ++........               (no ring)
                                d - ring of wizardry

@: lethally poisoned (0 -> -3), not resistant to hostile enchantments,
unstealthy
A: unfitting armour, cold-blooded, AC +5
a: no special abilities


You were on level 2 of the Dungeon.
You were not hungry.

You visited 1 branch of the dungeon, and saw 2 of its levels.

You collected 67 gold pieces.

Inventory:

Missiles
 j - 13 poisoned needles
Jewellery
 d - a ring of wizardry (left hand)
Scrolls
 c - 3 scrolls of identify {unknown}
 f - a scroll of amnesia {unknown}
 g - a scroll of fear {unknown}
Potions
 e - a potion of haste {unknown}
 h - a potion of might {unknown}
 k - 2 potions of curing {unknown}
 m - a potion of degeneration {unknown}
Books
 a - a book of Flames

   Spells                             Type                      Level
   a - Flame Tongue                   Conjuration/Fire             1
   b - Throw Flame                    Conjuration/Fire             2
   c - Conjure Flame                  Conjuration/Fire             3
   d - Inner Flame                    Hexes/Fire                   3
   e - Sticky Flame                   Conjuration/Fire             4
   f - Fireball                       Conjuration/Fire             5
Comestibles
 b - 5 bread rations
 i - a slice of pizza
 l - 2 chunks of flesh


   Skills:
 + Level 2.2 Dodging
 - Level 1.7 Stealth
 + Level 2.7 Spellcasting
 + Level 2.0 Conjurations
 + Level 3.4 Fire Magic


You had 3 spell levels left.
You knew the following spells:

 Your Spells              Type           Power        Failure   Level  Hunger
a - Flame Tongue          Conj/Fire      ##...        4%          1    #......
b - Conjure Flame         Conj/Fire      ##......     9%          3    ###....


Dungeon Overview and Level Annotations

Branches:
Dungeon (2/15)

Altars:


Innate Abilities, Weirdness & Mutations

Your plain brown scales are hard (AC +5).
Your body does not fit into most forms of armour.
You are cold-blooded and may be slowed by cold attacks.


Message History

You feel sick. The adder bites you but does no damage.
The adder bites you but does no damage.
You feel sick. The adder bites you but does no damage.
You feel sick.
Casting: Flame Tongue
Confirm with . or Enter, or press ? or * to list all spells.
Aiming: Flame Tongue
Press: ? - help, Shift-Dir - straight line, f/p - adder
Aim: an adder (almost dead)
The flame tongue hits the adder.
The adder is almost dead.
The adder bites you.
* * * LOW HITPOINT WARNING * * *
The adder closely misses you.
Your magical contamination has completely faded away.
You hit the adder but do no damage.
Your tail-slap misses the adder.
The adder is almost dead.
The adder bites you.
You die...

.##.# #.# #.#
.##.# #.# #.#
.##.# #)# #.#
.##.#######.###.##
.##.#............#
.................#
###.###.#...####.#
#.# #......# #[#
#.###.....## #@#
##...#....####S#
##............#
####....######
########.#.##
...........#
.........###
##########


You could see an adder.

Vanquished Creatures
  2 adders (D:2)
  2 oozes (D:1)
  3 giant geckos
  A giant cockroach (D:1)
  A hobgoblin (D:1)
  5 bats
  2 giant newts (D:1)
  6 goblins
  6 kobolds
  2 rats (D:2)
30 creatures vanquished.

Notes
Turn   | Place    | Note
--------------------------------------------------------------
     0 | D:1      | st0uf the Draconian Fire Elementalist began the quest for the Orb.
     0 | D:1      | Reached XP level 1. HP: 14/14 MP: 3/3
   375 | D:1      | Reached XP level 2. HP: 20/20 MP: 1/5
  1049 | D:2      | HP: 1/20 [adder (1)]
  1050 | D:2      | Reached XP level 3. HP: 1/26 MP: 2/6
  1449 | D:2      | Learned a level 3 spell: Conjure Flame
  1699 | D:2      | HP: 1/26 [adder (4)]
  1700 | D:2      | Slain by an adder

Action                   || total
-------------------------++-------
Melee: Unarmed           ||    20
 Cast: Flame Tongue      ||    62
  Use: Potion            ||     1
  Eat: Chunk             ||     3
